Workbook

Sheet Revenue assumptions
A3: Item | B3: Year 1 | C3: Year 2 | D3: Year 3
A4: Vendors onboarded | B4: 250 | C4: =B4+(B4*B5) -> 300 | D4: =C4+(C4*C5) -> 390
A5: annual Growth Rate (%) | B5: 0.2 | C5: 0.3 | D5: 0.35
A6: Average onboarding subscription fee (SAR) | B6: 5000 | C6: 7000 | D6: 11500
A7: Average deal online (#) | B7: 41 | C7: 600 | D7: 780 | E7: monthly
A8: average deal value (SAR) online | B8: 50000 | C8: 40000 | D8: 50000
A9: Average deal offline (#)( annually) | B9: 48 | C9: =B9*(1+B5) -> 57.6 | D9: =C9*(1+C5) -> 74.88 | E9: annually
A10: Average deal offline (#) monthly | B10: =B9/12 -> 4 | C10: =C9/12 -> 4.8 | D10: =D9/12 -> 6.24 | E10: monthly
A11: average deal value (SAR) offline | B11: 500000 | C11: 1000000 | D11: 5000000
A12: Sale commission fee | B12: 0.05 | C12: 0.05 | D12: 0.05
A13: Sale commission fee (offline) | B13: 0.06 | C13: 0.06 | D13: 0.06
A14: Total revenue online | B14: =B7*B8*B12 -> 102500 | C14: =C7*C8*C12 -> 1200000 | D14: =D7*D8*D12 -> 1950000
A15: Total revenue offline | B15: =B11*B10*B13 -> 120000 | C15: =C11*C10*C13 -> 288000 | D15: =D11*D10*D13 -> 1872000

Sheet Projection sheet
A1: Year 1 Financial projection
A4: Month | B4: 1 | C4: 2 | D4: 3 | E4: 4 | F4: 5 | G4: 6 | H4: 7 | I4: 8 | J4: 9 | K4: 10 | L4: 11 | M4: 12 | N4: Total
A5: Cost
A6: رواتب الموظفين | B6: ='cost sheet'!D2 -> 134000 | C6: =B6 -> 134000 | D6: =C6 -> 134000 | E6: =D6 -> 134000 | F6: =E6 -> 134000 | G6: =F6 -> 134000 | H6: =G6 -> 134000 | I6: =H6 -> 134000 | J6: =I6 -> 134000 | ... M6: =L6 -> 134000 | N6: =SUM(B6:M6) -> 1608000
A7: الإيجار | B7: 4166.6667 | C7: 4166.6667 | D7: 4166.6667 | E7: 4166.6667 | F7: 4166.6667 | G7: 4166.6667 | H7: 4166.6667 | I7: 4166.6667 | J7: 4166.6667 | K7: 4166.6667 | L7: 4166.6667 | M7: 4166.6667 | N7: =SUM(B7:M7) -> 50000
A8: تكاليف شريك تقني لبناء و صيانة المنصة و حمايتها | B8: 22916.667 | C8: 22916.667 | D8: 22916.667 | E8: 22916.667 | F8: 22916.667 | G8: 22916.667 | H8: 22916.667 | I8: 22916.667 | J8: 22916.667 | K8: 22916.667 | L8: 22916.667 | M8: 22916.667 | N8: =SUM(B8:M8) -> 275000 | O8: Product manager by aljabr
A9: تكاليف فريق المبيعات | B9: 2500 | C9: 2500 | D9: 2500 | E9: 2500 | F9: 2500 | G9: 2500 | H9: 2500 | I9: 2500 | J9: 2500 | K9: 2500 | L9: 2500 | M9: 2500 | N9: =SUM(B9:M9) -> 30000
A10: ودائع المرافق العامة | B10: 416.66667 | C10: 416.66667 | D10: 416.66667 | E10: 416.66667 | F10: 416.66667 | G10: 416.66667 | H10: 416.66667 | I10: 416.66667 | J10: 416.66667 | K10: 416.66667 | L10: 416.66667 | M10: 416.66667 | N10: =SUM(B10:M10) -> 5000
A11: بدل السفر و التنقل | B11: 8333.3333 | C11: 8333.3333 | D11: 8333.3333 | E11: 8333.3333 | F11: 8333.3333 | G11: 8333.3333 | H11: 8333.3333 | I11: 8333.3333 | J11: 8333.3333 | K11: 8333.3333 | L11: 8333.3333 | M11: 8333.3333 | N11: =SUM(B11:M11) -> 100000
A12: الدعاية و الترويج ( الافتات/ الطابعه/ السفر ) | B12: =20833.33333 +10416.67+1250+6250 -> 38750.003 | C12: =20833.33333 +10416.67+1250+6250 -> 38750.003 | D12: =20833.33333 +10416.67+1250+6250 -> 38750.003 | E12: =20833.33333 +10416.67+1250+6250 -> 38750.003 | F12: =20833.33333 +10416.67+1250+6250 -> 38750.003 | G12: =20833.33333 +10416.67+1250+6250 -> 38750.003 | H12: =20833.33333 +10416.67+1250+6250 -> 38750.003 | I12: =20833.33333 +10416.67+1250+6250 -> 38750.003 | ... M12: =20833.33333 +10416.67+1250+6250 -> 38750.003 | N12: =SUM(B12:M12) -> 465000.04
A13: احتياطي | B13: 18750 | C13: 18750 | D13: 18750 | E13: 18750 | F13: 18750 | G13: 18750 | H13: 18750 | I13: 18750 | J13: 18750 | K13: 18750 | L13: 18750 | M13: 18750 | N13: =SUM(B13:M13) -> 225000
A14: استشارات دورية | B14: 12500 | C14: 12500 | D14: 12500 | E14: 12500 | F14: 12500 | G14: 12500 | H14: 12500 | I14: 12500 | J14: 12500 | K14: 12500 | L14: 12500 | M14: 12500 | N14: =SUM(B14:M14) -> 150000
A17: Total | B17: =SUM(B6:B13) -> 229833.34 | C17: =SUM(C6:C13) -> 229833.34 | D17: =SUM(D6:D13) -> 229833.34 | E17: =SUM(E6:E13) -> 229833.34 | F17: =SUM(F6:F13) -> 229833.34 | G17: =SUM(G6:G13) -> 229833.34 | H17: =SUM(H6:H13) -> 229833.34 | I17: =SUM(I6:I13) -> 229833.34 | ... N17: =SUM(N6:N13) -> 2758000
A18: Cumaltive | B18: =B17 -> 229833.34 | C18: =SUM($B17:C17) -> 459666.67 | D18: =SUM($B17:D17) -> 689500.01 | E18: =SUM($B17:E17) -> 919333.35 | F18: =SUM($B17:F17) -> 1149166.7 | G18: =SUM($B17:G17) -> 1379000 | H18: =SUM($B17:H17) -> 1608833.4 | I18: =SUM($B17:I17) -> 1838666.7 | J18: =SUM($B17:J17) -> 2068500 | ... M18: =SUM($B17:M17) -> 2758000
A20: Revenue | N20: Total
A21: اشتراكات الموردين | H21: ='Revenue assumptions'!B7*'Revenue assumptions'!B6 -> 205000 | I21: =(H21*0.05)+H21 -> 215250 | J21: =(I21*0.05)+I21 -> 226012.5 | K21: =(J21*0.05)+J21 -> 237313.12 | L21: =(K21*0.05)+K21 -> 249178.78 | M21: =(L21*0.05)+L21 -> 261637.72 | N21: =SUM(B21:M21) -> 1394392.1 | O21: 5% MoMG
A22: نسبة البيع من المنصة (٥٪) | H22: =('Revenue assumptions'!$B$7*'Revenue assumptions'!$B$8)*'Revenue assumptions'!$B$12 -> 102500 | I22: =H22 -> 102500 | J22: =I22 -> 102500 | K22: =J22 -> 102500 | L22: =K22 -> 102500 | M22: =L22 -> 102500 | N22: =SUM(C22:M22) -> 615000
A23: نسبة البيع من خارج المنصة (٦٪) | B23: =('Revenue assumptions'!$B$10*'Revenue assumptions'!$B$11)*'Revenue assumptions'!$B$13 -> 120000 | C23: =B23 -> 120000 | D23: =C23 -> 120000 | E23: =D23 -> 120000 | F23: =E23 -> 120000 | G23: =F23 -> 120000 | H23: =G23 -> 120000 | I23: =H23 -> 120000 | J23: =I23 -> 120000 | ... M23: =L23 -> 120000 | N23: =SUM(B23:M23) -> 1440000
N24: =SUM(B24:M24) -> 0
N25: =SUM(B25:M25) -> 0
N26: =SUM(B26:M26) -> 0
A27: Other | N27: =SUM(B27:M27) -> 0
A28: Total | B28: =SUM(B22:B27) -> 120000 | C28: =SUM(C22:C27) -> 120000 | D28: =SUM(D22:D27) -> 120000 | E28: =SUM(E21:E27) -> 120000 | F28: =SUM(F21:F27) -> 120000 | G28: =SUM(G21:G27) -> 120000 | H28: =SUM(H21:H27) -> 427500 | I28: =SUM(I21:I27) -> 437750 | J28: =SUM(J21:J27) -> 448512.5 | K28: =SUM(K21:K27) -> 459813.12 | L28: =SUM(L21:L27) -> 471678.78 | M28: =SUM(M21:M27) -> 484137.72 | N28: =SUM(B28:M28) -> 3449392.1
A29: Cumaltive | B29: =B28 -> 120000 | C29: =SUM($B28:C28) -> 240000 | D29: =SUM($B28:D28) -> 360000 | E29: =SUM($B28:E28) -> 480000 | F29: =SUM($B28:F28) -> 600000 | G29: =SUM($B28:G28) -> 720000 | H29: =SUM($B28:H28) -> 1147500 | I29: =SUM($B28:I28) -> 1585250 | J29: =SUM($B28:J28) -> 2033762.5 | ... M29: =SUM($B28:M28) -> 3449392.1
A31: Net benefit or cost | B31: =B28-B17 -> -109833.34 | C31: =C28-C17 -> -109833.34 | D31: =D28-D17 -> -109833.34 | E31: =E28-E17 -> -109833.34 | F31: =F28-F17 -> -109833.34 | G31: =G28-G17 -> -109833.34 | H31: =H28-H17 -> 197666.66 | I31: =I28-I17 -> 207916.66 | ... N31: =N28-N17 -> 691392.09
A34: Year 2 Financial projection
A37: Month | B37: 1 | C37: 2 | D37: 3 | E37: 4 | F37: 5 | G37: 6 | H37: 7 | I37: 8 | J37: 9 | K37: 10 | L37: 11 | M37: 12 | N37: Total
A38: Cost
A39: رواتب الموظفين | B39: =(8000*6)+(4000*4) -> 64000 | C39: =(8000*6)+(4000*4) -> 64000 | D39: =(8000*6)+(4000*4) -> 64000 | E39: =(8000*6)+(4000*4) -> 64000 | F39: =(8000*6)+(4000*4) -> 64000 | G39: =(8000*6)+(4000*4) -> 64000 | H39: =(8000*6)+(4000*4) -> 64000 | I39: =(8000*6)+(4000*4) -> 64000 | ... M39: =(8000*6)+(4000*4) -> 64000 | N39: =SUM(B39:M39) -> 768000
A40: الإيجار | B40: 4166.6667 | C40: 4166.6667 | D40: 4166.6667 | E40: 4166.6667 | F40: 4166.6667 | G40: 4166.6667 | H40: 4166.6667 | I40: 4166.6667 | J40: 4166.6667 | K40: 4166.6667 | L40: 4166.6667 | M40: 4166.6667 | N40: =SUM(B40:M40) -> 50000
A41: تكاليف شريك تقني لبناء و صيانة المنصة و حمايتها | B41: 22916.667 | C41: 22916.667 | D41: 22916.667 | E41: 22916.667 | F41: 22916.667 | G41: 22916.667 | H41: 22916.667 | I41: 22916.667 | J41: 22916.667 | K41: 22916.667 | L41: 22916.667 | M41: 22916.667 | N41: =SUM(B41:M41) -> 275000
A42: تكاليف فريق المبيعات | B42: 2500 | C42: 2500 | D42: 2500 | E42: 2500 | F42: 2500 | G42: 2500 | H42: 2500 | I42: 2500 | J42: 2500 | K42: 2500 | L42: 2500 | M42: 2500 | N42: =SUM(B42:M42) -> 30000
A43: ودائع المرافق العامة | B43: 416.66667 | C43: 416.66667 | D43: 416.66667 | E43: 416.66667 | F43: 416.66667 | G43: 416.66667 | H43: 416.66667 | I43: 416.66667 | J43: 416.66667 | K43: 416.66667 | L43: 416.66667 | M43: 416.66667 | N43: =SUM(B43:M43) -> 5000
A44: بدل السفر و التنقل | B44: 8333.3333 | C44: 8333.3333 | D44: 8333.3333 | E44: 8333.3333 | F44: 8333.3333 | G44: 8333.3333 | H44: 8333.3333 | I44: 8333.3333 | J44: 8333.3333 | K44: 8333.3333 | L44: 8333.3333 | M44: 8333.3333 | N44: =SUM(B44:M44) -> 100000
A45: الدعاية و الترويج ( الافتات/ الطابعه/ السفر ) | B45: =20833.33333 +10416.67+1250+6250 -> 38750.003 | C45: =20833.33333 +10416.67+1250+6250 -> 38750.003 | D45: =20833.33333 +10416.67+1250+6250 -> 38750.003 | E45: =20833.33333 +10416.67+1250+6250 -> 38750.003 | F45: =20833.33333 +10416.67+1250+6250 -> 38750.003 | G45: =20833.33333 +10416.67+1250+6250 -> 38750.003 | H45: =20833.33333 +10416.67+1250+6250 -> 38750.003 | I45: =20833.33333 +10416.67+1250+6250 -> 38750.003 | ... M45: =20833.33333 +10416.67+1250+6250 -> 38750.003 | N45: =SUM(B45:M45) -> 465000.04
A46: احتياطي | B46: 18750 | C46: 18750 | D46: 18750 | E46: 18750 | F46: 18750 | G46: 18750 | H46: 18750 | I46: 18750 | J46: 18750 | K46: 18750 | L46: 18750 | M46: 18750 | N46: =SUM(B46:M46) -> 225000
A47: استشارات دورية | B47: 12500 | C47: 12500 | D47: 12500 | E47: 12500 | F47: 12500 | G47: 12500 | H47: 12500 | I47: 12500 | J47: 12500 | K47: 12500 | L47: 12500 | M47: 12500 | N47: =SUM(B47:M47) -> 150000
O49: with 40% expense increase
A50: Total | B50: =SUM(B39:B46) -> 159833.34 | C50: =SUM(C39:C46) -> 159833.34 | D50: =SUM(D39:D46) -> 159833.34 | E50: =SUM(E39:E46) -> 159833.34 | F50: =SUM(F39:F46) -> 159833.34 | G50: =SUM(G39:G46) -> 159833.34 | H50: =SUM(H39:H46) -> 159833.34 | I50: =SUM(I39:I46) -> 159833.34 | ... N50: =SUM(N39:N46) -> 1918000 | O50: =(N50*0.4)+N50 -> 2685200.1 | P50: 2685200
A51: Cumaltive | B51: =B50 -> 159833.34 | C51: =SUM($B50:C50) -> 319666.67 | D51: =SUM($B50:D50) -> 479500.01 | E51: =SUM($B50:E50) -> 639333.35 | F51: =SUM($B50:F50) -> 799166.68 | G51: =SUM($B50:G50) -> 959000.02 | H51: =SUM($B50:H50) -> 1118833.4 | I51: =SUM($B50:I50) -> 1278666.7 | J51: =SUM($B50:J50) -> 1438500 | ... M51: =SUM($B50:M50) -> 1918000
A53: Revenue | N53: Total
A54: اشتراكات الموردين | B54: ='Revenue assumptions'!$C$7*'Revenue assumptions'!$C$6 -> 4200000 | C54: =(B54*0.05)+B54 -> 4410000 | D54: =(C54*0.05)+C54 -> 4630500 | E54: =(D54*0.05)+D54 -> 4862025 | F54: =(E54*0.05)+E54 -> 5105126.2 | G54: =(F54*0.05)+F54 -> 5360382.6 | H54: =(G54*0.05)+G54 -> 5628401.7 | I54: =(H54*0.05)+H54 -> 5909821.8 | J54: =(I54*0.05)+I54 -> 6205312.9 | ... M54: =(L54*0.05)+L54 -> 7183425.3 | N54: =SUM(B54:M54) -> 66851931
A55: نسبة البيع من المنصة (٥٪) | B55: =('Revenue assumptions'!$C$7*'Revenue assumptions'!$C$8)*'Revenue assumptions'!$C$12 -> 1200000 | C55: =B55 -> 1200000 | D55: =C55 -> 1200000 | E55: =D55 -> 1200000 | F55: =E55 -> 1200000 | G55: =F55 -> 1200000 | H55: =G55 -> 1200000 | I55: =H55 -> 1200000 | J55: =I55 -> 1200000 | ... M55: =L55 -> 1200000 | N55: =SUM(C55:M55) -> 13200000
A56: نسبة البيع من خارج المنصة (٦٪) | B56: =('Revenue assumptions'!$C$10*'Revenue assumptions'!$C$11)*'Revenue assumptions'!$C$13 -> 288000 | C56: =B56 -> 288000 | D56: =C56 -> 288000 | E56: =D56 -> 288000 | F56: =E56 -> 288000 | G56: =F56 -> 288000 | H56: =G56 -> 288000 | I56: =H56 -> 288000 | J56: =I56 -> 288000 | ... M56: =L56 -> 288000 | N56: =SUM(B56:M56) -> 3456000
N57: =SUM(B57:M57) -> 0
N58: =SUM(B58:M58) -> 0
N59: =SUM(B59:M59) -> 0
A60: Other | N60: =SUM(B60:M60) -> 0
A61: Total | B61: =SUM(B55:B60) -> 1488000 | C61: =SUM(C55:C60) -> 1488000 | D61: =SUM(D55:D60) -> 1488000 | E61: =SUM(E54:E60) -> 6350025 | F61: =SUM(F54:F60) -> 6593126.2 | G61: =SUM(G54:G60) -> 6848382.6 | H61: =SUM(H54:H60) -> 7116401.7 | I61: =SUM(I54:I60) -> 7397821.8 | J61: =SUM(J54:J60) -> 7693312.9 | K61: =SUM(K54:K60) -> 8003578.5 | L61: =SUM(L54:L60) -> 8329357.4 | M61: =SUM(M54:M60) -> 8671425.3 | N61: =SUM(B61:M61) -> 71467431
A62: Cumaltive | B62: =B61 -> 1488000 | C62: =SUM($B61:C61) -> 2976000 | D62: =SUM($B61:D61) -> 4464000 | E62: =SUM($B61:E61) -> 10814025 | F62: =SUM($B61:F61) -> 17407151 | G62: =SUM($B61:G61) -> 24255534 | H62: =SUM($B61:H61) -> 31371936 | I62: =SUM($B61:I61) -> 38769757 | J62: =SUM($B61:J61) -> 46463070 | ... M62: =SUM($B61:M61) -> 71467431
A64: Net benefit or cost | B64: =B61-B50 -> 1328166.7 | C64: =C61-C50 -> 1328166.7 | D64: =D61-D50 -> 1328166.7 | E64: =E61-E50 -> 6190191.7 | F64: =F61-F50 -> 6433292.9 | G64: =G61-G50 -> 6688549.2 | H64: =H61-H50 -> 6956568.4 | I64: =I61-I50 -> 7237988.4 | ... M64: =M61-M50 -> 8511592 | N64: =N61-O50 -> 68782231
A67: Year 3 Financial projection
A70: Month | B70: 1 | C70: 2 | D70: 3 | E70: 4 | F70: 5 | G70: 6 | H70: 7 | I70: 8 | J70: 9 | K70: 10 | L70: 11 | M70: 12 | N70: Total
A71: Cost
A72: رواتب الموظفين | B72: =(8000*6)+(4000*4) -> 64000 | C72: =(8000*6)+(4000*4) -> 64000 | D72: =(8000*6)+(4000*4) -> 64000 | E72: =(8000*6)+(4000*4) -> 64000 | F72: =(8000*6)+(4000*4) -> 64000 | G72: =(8000*6)+(4000*4) -> 64000 | H72: =(8000*6)+(4000*4) -> 64000 | I72: =(8000*6)+(4000*4) -> 64000 | ... M72: =(8000*6)+(4000*4) -> 64000 | N72: =SUM(B72:M72) -> 768000
A73: الإيجار | B73: 4166.6667 | C73: 4166.6667 | D73: 4166.6667 | E73: 4166.6667 | F73: 4166.6667 | G73: 4166.6667 | H73: 4166.6667 | I73: 4166.6667 | J73: 4166.6667 | K73: 4166.6667 | L73: 4166.6667 | M73: 4166.6667 | N73: =SUM(B73:M73) -> 50000
A74: تكاليف شريك تقني لبناء و صيانة المنصة و حمايتها | B74: 22916.667 | C74: 22916.667 | D74: 22916.667 | E74: 22916.667 | F74: 22916.667 | G74: 22916.667 | H74: 22916.667 | I74: 22916.667 | J74: 22916.667 | K74: 22916.667 | L74: 22916.667 | M74: 22916.667 | N74: =SUM(B74:M74) -> 275000
A75: تكاليف فريق المبيعات | B75: 2500 | C75: 2500 | D75: 2500 | E75: 2500 | F75: 2500 | G75: 2500 | H75: 2500 | I75: 2500 | J75: 2500 | K75: 2500 | L75: 2500 | M75: 2500 | N75: =SUM(B75:M75) -> 30000
A76: ودائع المرافق العامة | B76: 416.66667 | C76: 416.66667 | D76: 416.66667 | E76: 416.66667 | F76: 416.66667 | G76: 416.66667 | H76: 416.66667 | I76: 416.66667 | J76: 416.66667 | K76: 416.66667 | L76: 416.66667 | M76: 416.66667 | N76: =SUM(B76:M76) -> 5000
A77: بدل السفر و التنقل | B77: 8333.3333 | C77: 8333.3333 | D77: 8333.3333 | E77: 8333.3333 | F77: 8333.3333 | G77: 8333.3333 | H77: 8333.3333 | I77: 8333.3333 | J77: 8333.3333 | K77: 8333.3333 | L77: 8333.3333 | M77: 8333.3333 | N77: =SUM(B77:M77) -> 100000
A78: الدعاية و الترويج ( الافتات/ الطابعه/ السفر ) | B78: =20833.33333 +10416.67+1250+6250 -> 38750.003 | C78: =20833.33333 +10416.67+1250+6250 -> 38750.003 | D78: =20833.33333 +10416.67+1250+6250 -> 38750.003 | E78: =20833.33333 +10416.67+1250+6250 -> 38750.003 | F78: =20833.33333 +10416.67+1250+6250 -> 38750.003 | G78: =20833.33333 +10416.67+1250+6250 -> 38750.003 | H78: =20833.33333 +10416.67+1250+6250 -> 38750.003 | I78: =20833.33333 +10416.67+1250+6250 -> 38750.003 | ... M78: =20833.33333 +10416.67+1250+6250 -> 38750.003 | N78: =SUM(B78:M78) -> 465000.04
A79: احتياطي | B79: 18750 | C79: 18750 | D79: 18750 | E79: 18750 | F79: 18750 | G79: 18750 | H79: 18750 | I79: 18750 | J79: 18750 | K79: 18750 | L79: 18750 | M79: 18750 | N79: =SUM(B79:M79) -> 225000
A80: استشارات دورية | B80: 12500 | C80: 12500 | D80: 12500 | E80: 12500 | F80: 12500 | G80: 12500 | H80: 12500 | I80: 12500 | J80: 12500 | K80: 12500 | L80: 12500 | M80: 12500 | N80: =SUM(B80:M80) -> 150000
A83: Total | B83: =SUM(B72:B79) -> 159833.34 | C83: =SUM(C72:C79) -> 159833.34 | D83: =SUM(D72:D79) -> 159833.34 | E83: =SUM(E72:E79) -> 159833.34 | F83: =SUM(F72:F79) -> 159833.34 | G83: =SUM(G72:G79) -> 159833.34 | H83: =SUM(H72:H79) -> 159833.34 | I83: =SUM(I72:I79) -> 159833.34 | ... N83: =SUM(N72:N79) -> 1918000 | O83: =(N83*0.65)+N83 -> 3164700.1
A84: Cumaltive | B84: =B83 -> 159833.34 | C84: =SUM($B83:C83) -> 319666.67 | D84: =SUM($B83:D83) -> 479500.01 | E84: =SUM($B83:E83) -> 639333.35 | F84: =SUM($B83:F83) -> 799166.68 | G84: =SUM($B83:G83) -> 959000.02 | H84: =SUM($B83:H83) -> 1118833.4 | I84: =SUM($B83:I83) -> 1278666.7 | J84: =SUM($B83:J83) -> 1438500 | ... M84: =SUM($B83:M83) -> 1918000
A86: Revenue | N86: Total
A87: اشتراكات الموردين | B87: ='Revenue assumptions'!$D$7*'Revenue assumptions'!$D$6 -> 8970000 | C87: =(B87*0.05)+B87 -> 9418500 | D87: =(C87*0.05)+C87 -> 9889425 | E87: =(D87*0.05)+D87 -> 10383896 | F87: =(E87*0.05)+E87 -> 10903091 | G87: =(F87*0.05)+F87 -> 11448246 | H87: =(G87*0.05)+G87 -> 12020658 | I87: =(H87*0.05)+H87 -> 12621691 | J87: =(I87*0.05)+I87 -> 13252775 | ... M87: =(L87*0.05)+L87 -> 15341744 | N87: =SUM(B87:M87) -> 1.4277662e+08
A88: نسبة البيع من المنصة (٥٪) | B88: =('Revenue assumptions'!$D$7*'Revenue assumptions'!$D$8)*'Revenue assumptions'!$D$12 -> 1950000 | C88: =B88 -> 1950000 | D88: =C88 -> 1950000 | E88: =D88 -> 1950000 | F88: =E88 -> 1950000 | G88: =F88 -> 1950000 | H88: =G88 -> 1950000 | I88: =H88 -> 1950000 | J88: =I88 -> 1950000 | ... M88: =L88 -> 1950000 | N88: =SUM(C88:M88) -> 21450000
A89: نسبة البيع من خارج المنصة (٦٪) | B89: =('Revenue assumptions'!$D$10*'Revenue assumptions'!$D$11)*'Revenue assumptions'!$D$13 -> 1872000 | C89: =B89 -> 1872000 | D89: =C89 -> 1872000 | E89: =D89 -> 1872000 | F89: =E89 -> 1872000 | G89: =F89 -> 1872000 | H89: =G89 -> 1872000 | I89: =H89 -> 1872000 | J89: =I89 -> 1872000 | ... M89: =L89 -> 1872000 | N89: =SUM(B89:M89) -> 22464000
N90: =SUM(B90:M90) -> 0
N91: =SUM(B91:M91) -> 0
N92: =SUM(B92:M92) -> 0
A93: Other | N93: =SUM(B93:M93) -> 0
A94: Total | B94: =SUM(B88:B93) -> 3822000 | C94: =SUM(C88:C93) -> 3822000 | D94: =SUM(D88:D93) -> 3822000 | E94: =SUM(E87:E93) -> 14205896 | F94: =SUM(F87:F93) -> 14725091 | G94: =SUM(G87:G93) -> 15270246 | H94: =SUM(H87:H93) -> 15842658 | I94: =SUM(I87:I93) -> 16443691 | J94: =SUM(J87:J93) -> 17074775 | K94: =SUM(K87:K93) -> 17737414 | L94: =SUM(L87:L93) -> 18433185 | M94: =SUM(M87:M93) -> 19163744 | N94: =SUM(B94:M94) -> 1.603627e+08
A95: Cumaltive | B95: =B94 -> 3822000 | C95: =SUM($B94:C94) -> 7644000 | D95: =SUM($B94:D94) -> 11466000 | E95: =SUM($B94:E94) -> 25671896 | F95: =SUM($B94:F94) -> 40396987 | G95: =SUM($B94:G94) -> 55667233 | H95: =SUM($B94:H94) -> 71509891 | I95: =SUM($B94:I94) -> 87953582 | J95: =SUM($B94:J94) -> 1.0502836e+08 | ... M95: =SUM($B94:M94) -> 1.603627e+08
A97: Net benefit or cost | B97: =B94-B83 -> 3662166.7 | C97: =C94-C83 -> 3662166.7 | D97: =D94-D83 -> 3662166.7 | E97: =E94-E83 -> 14046063 | F97: =F94-F83 -> 14565258 | G97: =G94-G83 -> 15110412 | H97: =H94-H83 -> 15682825 | I97: =I94-I83 -> 16283857 | ... N97: =N94-N83 -> 1.584447e+08

Sheet Capital needs 
A1: capital needs | B1: Type | C1: Charges | E1: (Year 1)
A2: Office set up | B2: one time | C2: 170000 | D2: total revenue | E2: ='Projection sheet'!N28 -> 3449392.1
A3: Govermental payments set up | B3: periodic | C3: 150000 | D3: total opex | E3: ='Projection sheet'!N17 -> 2758000
D4: total capex | E4: =SUM(C2:C3) -> 320000
D10: Net revenue | E10: =E2-(E3+E4) -> 371392.09
D11: total cost | E11: =E3+E4 -> 3078000

Sheet cost sheet
A1: Item | B1: Expenses Category | C1: Sub category | D1: Monthly cost | E1: Contract Duration (Months) | F1: Quantities | G1: Yearly Totals | H1: Notes
A2: Cost assumptions | B2: Development cost | C2: Salaries and Wages | D2: =(6*8000)+(7*8000)+(2*15000) -> 134000 | E2: 12 | F2: 1 | G2: =D2*E2*F2 -> 1608000 | H2: - Online (7 members): SAR8000 - Offline (6 members): SAR8000 -Founders (2 members) : 15000 SAR
C3: Technology and Tools | D3: 550000 | E3: 1 | F3: 1 | G3: =D3*E3*F3 -> 550000 | H3: need detailed info
C4: Research and Development | G4: =D4*E4*F4 -> 0
C5: Quality Assurance and Testing | G5: =D5*E5*F5 -> 0
C6: Data Acquisition | G6: =D6*E6*F6 -> 0
B7: Operational cost | C7: Office Rent | D7: 4166.6667 | E7: 12 | F7: 1 | G7: =D7*E7*F7 -> 50000
C8: Utilities | D8: 416.66667 | E8: 12 | F8: 1 | G8: =D8*E8*F8 -> 5000
C9: Insurance | G9: =D9*E9*F9 -> 0
C10: Office Supplies | D10: 80000 | E10: 1 | F10: 1 | G10: =D10*E10*F10 -> 80000
C11: Maintenance and Repairs | D11: 0 | E11: 0 | F11: 0 | G11: =D11*E11*F11 -> 0
B12: Marketing and Sales Costs | C12: Advertising | D12: 20833.333 | G12: =D12*E12*F12 -> 0
C13: Sales and Marketing Salaries | G13: =D13*E13*F13 -> 0
C14: Marketing Materials (signs and prints) | D14: =10416.666666666+1250 -> 11666.667 | E14: 12 | F14: 1 | G14: =D14*E14*F14 -> 140000 | H14: (signs and prints)
C15: travel and entertainment | D15: 6250 | E15: 12 | F15: 1 | G15: =D15*E15*F15 -> 75000
C16: Lead Generation tools | G16: =D16*E16*F16 -> 0
C17: Events and Conferences | G17: =D17*E17*F17 -> 0
B18: COS | C18: Shipment | G18: =D18*E18*F18 -> 0
C19: Insurance | G19: =D19*E19*F19 -> 0
B20: Support and Maintenance | C20: Customer Support | G20: =D20*E20*F20 -> 0
C21: Software Maintenance | G21: =D21*E21*F21 -> 0 | H21: part of the product
C22: clouded Server and Hosting | G22: =D22*E22*F22 -> 0 | H22: part of the product
C23: Security | G23: =D23*E23*F23 -> 0 | H23: part of the product
B24: Legal and Compliance Costs | C24: Legal Services | G24: =D24*E24*F24 -> 0
C25: Licenses and Permits | G25: =D25*E25*F25 -> 0
C26: Compliance Audits | G26: =D26*E26*F26 -> 0
G27: =D27*E27*F27 -> 0
B28: Employee Benefits | C28: Health Insurance | G28: =D28*E28*F28 -> 0
C29: Bonuses and Incentives | G29: =D29*E29*F29 -> 0
C30: Retirement Plans | G30: =D30*E30*F30 -> 0
B31: Research and Development | G31: =D31*E31*F31 -> 0
G32: =D32*E32*F32 -> 0
B33: Miscellaneous Expenses | C33: Contingency | G33: =D33*E33*F33 -> 0
C34: Bank Fees | G34: =D34*E34*F34 -> 0
C35: Taxes | G35: =D35*E35*F35 -> 0
C36: Depreciation | G36: =D36*E36*F36 -> 0
B37: Totals | D37: =SUM(D2:D34) -> 807333.33 | G37: =SUM(G2:G34) -> 2508000
